AoeStats
← Bahamut

Arabian Desert

510852151Analyzed
1v1 RM · 23h ago on Oct 2, 2026· 55m 12s· 2 players
Game mode
Random Map
Map size
Tiny (2 player)
Population
200
Speed
Normal
Resources
Standard
Victory
Conquest
Starting age
Dark Age
Ending age
Imperial Age
RankedLock teamsTeams togetherTeam positionsShared explorationLock speedFull tech treeHidden civsTurbo modeCheats
Victory
Defeat
🇺🇸 Vikings · United States
1021
+17
🇬🇧 Goths · United Kingdom
1032
-17
Bahamut
7:11 Loom
10:12 Feudal Age
16:08 Double-Bit Axe
16:05 Horse Collar
22:00 Castle Age
20:35 Fletching
20:46 Padded Archer Armor
23:58 Bodkin Arrow
24:51 Bow Saw
27:39 Stone Mining
29:46 Gold Mining
34:00 Murder Holes
39:23 Imperial Age
37:21 Forging
38:22 Squires
38:26 Scale Mail Armor
39:01 Iron Casting
40:19 Chain Mail Armor
41:22 Blast Furnace
41:06 Conscription
42:06 Plate Mail Armor
46:30 Elite Berserk
48:27 Gold Shaft Mining
iSmiff
1:09 Loom
9:43 Feudal Age
9:44 Man-at-Arms
10:18 Double-Bit Axe
13:40 Horse Collar
21:54 Castle Age
22:06 Wheelbarrow
21:55 Crossbowman
22:28 Stone Mining
22:53 Bow Saw
22:14 Long Swordsman
24:53 Scale Mail Armor
25:03 Forging
25:18 Fletching
28:06 Chain Mail Armor
29:46 Gold Mining
30:33 Squires
35:22 Imperial Age
35:25 Bodkin Arrow
36:07 Iron Casting
35:51 Hand Cart
35:21 Town Watch
39:13 Blast Furnace
39:02 Conscription
39:09 Elite Huskarl
43:49 Anarchy
45:58 Murder Holes
49:34 Bracer
Connection lost

Rejoining the realm…

Still unreachable

The connection could not be restored.

Session expired

The server has moved on; the page needs a fresh start.